 Dungeon Crawl Stone Soup version 0.32-a0-953-g508020473e (webtiles) character file.

Game seed: 10391089553430355438

47466 retardedninja the Warrior (level 14, 0/111 HPs)
             Began as a Coglin Fighter on Apr 15, 2024.
             Was an Elder of Hepliaklqana.
             Slain by a death yak (20 damage)
             ... on level 5 of the Lair of Beasts on Apr 16, 2024.
             The game lasted 00:41:41 (23321 turns).

retardedninja the Warrior (Coglin Fighter)         Turns: 23321, Time: 00:41:42

Health: 0/111      AC: 23    Str: 20    XL:     14   Next: 42%
Magic:  14/14      EV:  5    Int:  8    God:    Hepliaklqana [****..]
Gold:   1311       SH:  0    Dex: 15    Spells: 13/13 levels left

rFire   . . .        a - +4 war axe (freeze) {Psammuthes}
rCold   . . .        b - +3 war axe {Zorana}
rNeg    . . .        h - +2 plate armour
rPois   +            j - +2 helmet
rElec   +            (no cloak)
rCorr   +            (no gloves)
SInv    .            g - +2 pair of boots
Will    +....        (amulet unavailable) Stlth
                     (ring unavailable)
HPRegen 0.38/turn    (ring unavailable)
MPRegen 0.14/turn    H - hydroinducer NW-50 {rElec rPois rCorr Clar RMsl}

%: repel missiles, clarity
@: about to teleport, revved
A: reduced essence, off-hand wielding, slow wielding, warmup strikes, no
jewellery
a: Renounce Religion, Recall Ancestor, Ancestor Identity, Transference, Idealise


You were on level 5 of the Lair of Beasts.
You worshipped Hepliaklqana.
Hepliaklqana was greatly pleased with you.
You visited 3 branches of the dungeon, and saw 19 of its levels.
You also visited: Sewer and Ossuary.

You collected 1346 gold pieces.
You spent 35 gold pieces at shops.

Inventory:

Hand Weapons
 a - a +4 war axe of freezing (weapon) {Psammuthes}
 b - a +3 war axe (offhand) {Zorana}
Missiles
 m - a throwing net
 I - 4 silver javelins (quivered)
Armour
 g - a +2 pair of boots (worn)
 h - a +2 plate armour (worn)
 j - a +2 helmet (worn)
Gizmo
 H - a hydroinducer NW-50 (installed) {rElec rPois rCorr Clar RMsl}
   (You invented it yourself on level 4 of the Lair of Beasts)

   [hydroinducer NW-50]

   rElec:     It insulates you from electricity.
   rPois:     It protects you from poison.
   Clar:      It protects you from confusion, rage, mesmerisation and fear.
   RMsl:      It protects you from missiles.
   rCorr:     It protects you from acid and corrosion.
Wands
 q - a wand of charming (4)
 t - a wand of flame (37)
 w - a wand of mindburst (7)
 D - a wand of roots (1)
Scrolls
 e - a scroll of butterflies
 k - 2 scrolls of silence
 n - 9 scrolls of teleportation
 r - 8 scrolls of identify
 s - a scroll of immolation
 x - 3 scrolls of revelation
 z - 2 scrolls of amnesia
 A - 3 scrolls of poison
 F - 2 scrolls of fear
 G - 2 scrolls of enchant armour
Potions
 c - a potion of attraction
 d - 3 potions of lignification
 f - 3 potions of enlightenment
 i - 2 potions of brilliance
 l - a potion of might
 o - 3 potions of mutation
 p - a potion of heal wounds
 u - a potion of magic
 v - a potion of degeneration
 B - a potion of resistance
 C - 3 potions of cancellation
 E - 2 potions of curing
Miscellaneous
 y - a lightning rod (1/4)


   Skills:
 * Level 15.8 Fighting
 * Level 15.7 Axes
 + Level 10.8 Armour
 - Level 2.6 Shields


You had 13 spell levels left.
You didn't know any spells.
Your spell library contained the following spells:

 Spells                   Type           Power      Damage    Failure   Level
 Magic Dart               Conj           0%         1d3       100%        1
 Blink                    Tloc           0%         N/A       100%        2
 Call Imp                 Summ           0%         N/A       100%        2
 Dazzling Flash           Conj/Hex       0%         N/A       100%        3
 Inner Flame              Hex/Fire       0%         N/A       100%        3
 Mephitic Cloud           Conj/Alch/Air  0%         N/A       100%        3
 Volatile Blastmotes      Fire/Tloc      0%         2d10      100%        3
 Animate Armour           Summ/Erth      0%         N/A       100%        4
 Flame Wave               Conj/Fire      0%         2d4       100%        4
 Fulminant Prism          Conj/Alch      0%         3d5       100%        4
 Iskenderun's Mystic Bla Conj/Tloc 0%             2d3        (+2d1     100%        4
 Sticky Flame             Fire/Alch      0%         2d4       100%        4
 Curse of Agony           Necr           0%         N/A       100%        5
 Lee's Rapid Deconstruct  Erth           0%         3d4*      100%        5
 Silence                  Hex/Air        0%         N/A       100%        5
 Magnavolt                Erth/Air       0%         3d9       100%        7


Dungeon Overview and Level Annotations

Branches:
Dungeon (13/15)            Temple (1/1) D:5            Lair (5/5) D:9
 Shoals (0/4) Lair:2        Snake (0/4) Lair:3        Slime (0/5) Lair:5
    Orc (0/2) D:10         Vaults (0/5) D:13          Sewer (visited)
Ossuary (visited)

Altars:
Ashenzari
Cheibriados
Dithmenos
Elyvilon
Fedhas
Gozag
Hepliaklqana
Kikubaaqudgha
Makhleb
Nemelex Xobeh
Okawaru
Qazlal
Ru
Sif Muna
Trog
Uskayaw
Vehumet
Wu Jian
Xom
Yredelemnul
Zin
The Shining One

Shops:
D:2 :

Annotations:
D:12 exclusion: orange crystal statue


Innate Abilities, Weirdness & Mutations

Your life essence is reduced to manifest your ancestor. (-10% HP)
You can wield a second weapon in your off-hand.
It takes a long time for you to wield or remove held weapons.
Your first few attacks do less damage.
You cannot equip rings or amulets.


Message History

The yak is severely wounded.
You slash the yak with your +4 war axe of freezing!
You freeze the yak.
You kill the yak!
You hit the death yak but do no damage.
You slash the death yak with your +4 war axe of freezing!
You freeze the death yak.
You completely miss the death yak with your +4 war axe of freezing.
You slash the yak with your +3 war axe!
You slash the death yak with your +3 war axe!
You hit the death yak but do no damage.
You hit the death yak with your +3 war axe.
The grasping roots constrict the yak.
The grasping roots constrict the death yak. x2
The death yak barely misses you. The death yak gores you.
The yak gores you but does no damage. The death yak gores you!
You hit the yak with your +4 war axe of freezing.
You freeze the yak.
The yak is almost dead.
You barely miss the death yak with your +4 war axe of freezing.
You hit the death yak but do no damage.
You slash the death yak with your +4 war axe of freezing!
You freeze the death yak.
You closely miss the manticore with your +4 war axe of freezing.
You slash the yak with your +3 war axe!
You kill the yak!
You hit the death yak but do no damage.
You slash the death yak with your +3 war axe!
You slash the manticore with your +3 war axe!
You hit the death yak but do no damage.
The grasping roots constrict the death yak. x2
You grasping roots sink back into the ground. x2
The death yak gores you but does no damage.
The manticore bites you!
The manticore claws you but does no damage.
The manticore claws you. The death yak gores you!
* * * LOW HITPOINT WARNING * * *
The death yak gores you!!
You die...
Hepliaklqana delivers you to your ancestors.

#P .. .H #. .##
.##.. #. ..# ..Y. #.
#.. #..Y #. ##..
##..# ## #...## #..#
### # ##YYY###.#
###.## #
#.YY@HY..####....##
#
#.Y###Y....##......#
# #. ###...#......##
# ##.....##..#
###.###...#
#######...##
#..###...##
##......## ###
###......###.##


You could see 4 death yaks, a manticore and 4 yaks.

Vanquished Creatures
  3 hydras
  A centaur warrior (D:13)
  A catoblepas (Lair:5)
  A boulder beetle (D:12)
  2 two-headed ogres
  6 death yaks
  2 skysharks
  An arcanist (D:13)
  An orc knight (D:13)
  A necromancer (D:13)
  A deep elf pyromancer (D:13)
  2 ugly things
  A salamander (Lair:3)
  A manticore (Lair:2)
  6 elephants (Lair:2)
  3 black mambas
  9 cane toads
  3 rime drakes
  2 torpor snails
  4 komodo dragons
  A kobold demonologist (D:10)
  A wind drake (Lair:2)
  2 hornets
  Prince Ribbit (D:8)
  A polar bear (Lair:5)
  3 trolls (D:13)
  7 blink frogs (Lair:3)
  3 dream sheep (Lair:3)
  2 meliai zombies (D:10)
  2 vampires
  6 shadows
  3 wyverns
  A basilisk (Lair:5)
  A spriggan (Lair:1)
  4 wraiths
  23 yaks
  3 steam dragons
  6 vampire mosquitoes
  15 water moccasins
  2 acid dragons
  A sky beast (D:7)
  4 orc warriors
  2 ice beasts
  A black bear (D:7)
  4 wolves (Lair:5)
  3 ogres
  2 centaurs
  A phantom (D:6)
  5 bullfrogs
  2 brain worms (Sewer)
  3 kobold brigands
  7 scorpions
  3 water moccasin zombies (Ossuary)
  A burial acolyte (Ossuary)
  16 killer bees
  2 howler monkeys
  A bombardier beetle (D:5)
  4 centaur zombies (D:10)
  7 hounds
  11 orc priests
  5 jellies
  3 iguanas
  9 orc wizards
  A bullfrog simulacrum (Ossuary)
  A crocodile zombie (Ossuary)
  2 mummies (Ossuary)
  2 howler monkey zombies (D:10)
  4 gnolls (D:2)
  5 adders
  5 river rats (Sewer)
  2 shadow imps
  2 white imps
  4 ufetubi (D:6)
  9 adder zombies (Ossuary)
  A dart slug (D:1)
  62 orcs
  7 ball pythons
  7 bats
  3 endoplasms
  4 giant cockroaches
  10 gnoll zombies (Ossuary)
  4 goblins
  6 hobgoblins
  16 jackals
  10 kobolds
  5 quokkas
  2 frilled lizards (Sewer)
  3 jackal zombies (Ossuary)
  3 orc zombies (Ossuary)
  10 rats
  A butterfly (Lair:5)
426 creatures vanquished.

Vanquished Creatures (collateral kills)
  3 hydras
  2 death yaks
  A skyshark (Lair:5)
  A deep elf pyromancer (D:13)
  An elephant (Lair:4)
  A black mamba (Lair:1)
  A cane toad (Lair:5)
  A polar bear (Lair:3)
  A troll (D:13)
  3 blink frogs (Lair:3)
  A dream sheep (Lair:3)
  3 wyverns
  6 yaks
  2 water moccasins
  2 wolves (Lair:5)
  4 bullfrogs
  A scorpion (Lair:1)
  An electric eel (Lair:4)
  4 lava snakes
  2 jellies (Lair:5)
  A butterfly (Lair:2)
42 creatures vanquished.

Vanquished Creatures (others)
  4 battlemagi
  3 ancestors (D:12)
7 creatures vanquished.

Grand Total: 475 creatures vanquished

Notes
Turn   | Place    | Note
-------+----------+-------------------------------------------
     0 | D:1      | retardedninja the Coglin Fighter began the quest for the
                  | Orb.
     0 | D:1      | Reached XP level 1. HP: 18/18 MP: 1/1
    47 | D:1      | Found a faded altar of an unknown god.
   121 | D:1      | Reached XP level 2. HP: 17/24 MP: 2/2
   762 | D:2      | Reached XP level 3. HP: 28/29 MP: 3/3
   769 | D:2      | Upgraded the game from 0.32-a0-938-g40ac7a0f4d to
                  | 0.32-a0-953-g508020473e
   866 | D:2      | Found Toliggei's Book Shop.
   883 | D:2      | Reached XP level 4. HP: 19/35 MP: 4/4
  1004 | D:2      | Found an opulent altar of Gozag.
  2077 | D:4      | Reached XP level 5. HP: 37/42 MP: 5/5
  2130 | D:4      | Noticed an ogre
  2227 | D:4      | Noticed an ogre
  2233 | D:4      | Killed an ogre
  2236 | D:4      | Reached XP level 6. HP: 38/49 MP: 6/6
  2313 | D:4      | Found a glowing drain.
  2322 | Sewer    | Entered a sewer
  2363 | Sewer    | Reached skill level 5 in Fighting
  2363 | Sewer    | Reached XP level 7. HP: 48/56 MP: 7/7
  2767 | Sewer    | Reached skill level 5 in Axes
  3645 | D:5      | Entered Level 5 of the Dungeon
  3771 | D:5      | Reached XP level 8. HP: 46/64 MP: 8/8
  4305 | D:5      | Found a staircase to the Ecumenical Temple.
  4320 | Temple   | Entered the Ecumenical Temple
  4450 | D:6      | Reached skill level 5 in Armour
  4880 | D:6      | Reached XP level 9. HP: 56/72 MP: 9/9
  6105 | D:7      | Found a sand-covered staircase.
  6112 | Ossuary  | Entered an ossuary
  6623 | D:7      | Found Fokianys's CLEARANCE SALE!.
  6644 | D:7      | Bought a scroll of revelation for 15 gold pieces
  6644 | D:7      | Bought a scroll of enchant weapon for 15 gold pieces
  6688 | D:7      | Bought a +0 whip for 5 gold pieces
  7095 | D:8      | Found a blossoming altar of Fedhas.
  7102 | D:8      | Noticed Prince Ribbit
  7106 | D:8      | Killed Prince Ribbit
  7107 | D:8      | Reached XP level 10. HP: 83/83 MP: 10/10
  7832 | D:9      | Noticed a red ugly thing
  7845 | D:9      | Killed a red ugly thing
  8512 | D:9      | Reached skill level 10 in Fighting
  9121 | D:9      | Reached skill level 10 in Axes
  9123 | D:9      | Found a staircase to the Lair.
  9250 | D:10     | Entered Level 10 of the Dungeon
  9956 | D:10     | Reached XP level 11. HP: 78/92 MP: 11/11
 10499 | D:10     | Found a staircase to the Orcish Mines.
 10548 | D:10     | Noticed a two-headed ogre
 10879 | D:10     | Killed a two-headed ogre
 11028 | D:10     | Found an ancient bone altar of Kikubaaqudgha.
 11181 | D:10     | Found a shadowy altar of Dithmenos.
 11183 | D:10     | Found a bloodstained altar of Trog.
 11186 | D:10     | Found a shimmering blue altar of Sif Muna.
 11189 | D:10     | Found a broken altar of Ashenzari.
 11192 | D:10     | Found an iron altar of Okawaru.
 11195 | D:10     | Found a white marble altar of Elyvilon.
 11197 | D:10     | Found a hide-covered altar of Uskayaw.
 11202 | D:10     | Found a hazy altar of Hepliaklqana.
 11205 | D:10     | Found a radiant altar of Vehumet.
 11210 | D:10     | Became a worshipper of Hepliaklqana the Forgotten
 12134 | D:11     | Noticed a green ugly thing
 12147 | D:11     | Killed a green ugly thing
 12600 | D:11     | Identified the +0 ring mail "Goczyn Ische" {Dex+2}
 12923 | D:12     | Reached * piety under Hepliaklqana
 13261 | D:12     | Noticed a boulder beetle
 13827 | D:12     | Killed a boulder beetle
 14023 | D:12     | Noticed a two-headed ogre
 14043 | D:12     | Killed a two-headed ogre
 14226 | D:12     | Reached XP level 12. HP: 91/91 MP: 12/12
 14832 | D:12     | Noticed a boulder beetle
 15243 | D:13     | Noticed a centaur warrior
 15253 | D:13     | Killed a centaur warrior
 15411 | D:13     | Found a gate to the Vaults.
 15427 | D:13     | HP: 1/92 [orc knight/+3 glaive (10)]
 16332 | D:13     | Reached ** piety under Hepliaklqana
 16333 | D:13     | Remembered your ancestor austrian painter as a battlemage
 16411 | Lair:1   | Entered Level 1 of the Lair of Beasts
 16423 | Lair:1   | Noticed a death yak
 16856 | D:9      | Killed a death yak
 16993 | Lair:1   | You fall into a shaft and drop 1 floor!
 17260 | Lair:2   | Identified the +2 trident of Ancient Evil {heavy, rC-
                  | Str+7}
 17474 | Lair:1   | Noticed a skyshark
 17475 | Lair:1   | Noticed a five-headed hydra
 17491 | Lair:1   | Killed a skyshark
 17898 | Lair:1   | Killed a five-headed hydra
 17899 | Lair:1   | Reached XP level 13. HP: 100/100 MP: 13/13
 18014 | Lair:1   | Reached *** piety under Hepliaklqana
 18553 | Lair:2   | Found a staircase to the Shoals.
 20660 | Lair:2   | Reached skill level 10 in Armour
 20895 | Lair:3   | Reached **** piety under Hepliaklqana
 21134 | Lair:3   | Reached skill level 15 in Fighting
 21546 | Lair:3   | Found a staircase to the Snake Pit.
 21868 | Lair:4   | Reached skill level 15 in Axes
 21919 | Lair:4   | Reached XP level 14. HP: 110/110 MP: 14/14
 22580 | Lair:4   | Acquired a hydroinducer NW-50 {rElec rPois rCorr Clar RMsl}
 22601 | Lair:5   | Entered Level 5 of the Lair of Beasts
 23123 | Lair:5   | Found a staircase to the Slime Pits.
 23321 | Lair:5   | Slain by a death yak

Illustrated notes

Levels and vault maps discovered:
D:1:      minmay_arrival_loop, layout_rooms,
          chequers_ecumenical_altar_simple_redux
D:2:      layout_basic, serial_shops, nicolae_shop_hallway_plus,
          serial_aquarium, aquarium_bridge_long_separate
          [aquarium_subvault_bridge, aquarium_subvault_bridge,
          aquarium_subvault_wall, aquarium_subvault_bridge,
          aquarium_subvault_balcony, aquarium_subvault_balcony],
          aquarium_window_corridor_1, aquarium_window_corner, aquarium_view_2a,
          aquarium_view_2e, basic_altar
D:3:      layout_loops_ring
D:4:      layout_basic, gup_sewer_entry_pipe, st_stairs_13, chequers_mini_garden
D:5:      layout_rooms, temple_statues
D:6:      layout_gridville
D:7:      minmay_evil_eye, layout_basic, enter_ossuary_1, nicolae_shop_clearance
D:8:      layout_loops_corners, fedhas_altar_2, kennysheep_generic_room_8,
          uniq_prince_ribbit1
D:9:      layout_basic, lair_entry_dummy, grunt_ministairs_13
D:10:     old_forge, layout_small_grid, nicolae_overflow_hallway_of_the_gods,
          hiddenorc2_lemuel, serial_undead, serial_undead_f, serial_undead_b,
          serial_undead_a, serial_undead_b, serial_undead_c
D:11:     layout_roguey
D:12:     layout_layer_cave, hex_tiny, disabler_island
D:13:     layout_long_grid, david_vaults_1
Temple:   minmay_temple_curvy_loop
Lair:1:   layout_hall_layers, grunt_forest_large_clearing_hut,
          infiniplex_staircase_pool_2, serial_bayou_shore_a
Lair:2:   layout_small_grid, minmay_shoals_entry_beasts, grunt_megastairs_2,
          lemuel_fruit_fields, infiniplex_staircase_pool
Lair:3:   layout_regular_city, nicolae_snake_entry_warm_welcome
Lair:4:   layout_concentric_octagons, grunt_forest_stairs_basic,
          wad_woods_river_01, lemuel_fruit_tree
Lair:5:   evilmike_catoblepas_cave, layout_small_grid,
          nicolae_slime_entry_field_trip, grunt_forest_large_clearings,
          lemuel_fruit_fields

Skill      XL: |  1  2  3  4  5  6  7  8  9 10 11 12 13 |
---------------+----------------------------------------+-----
Armour         | 3 4 5 6 7 8 9 10 | 10.8
Axes           | 3 4 5 7 8 10 12 13 15 | 15.7
Fighting       | 4 5 6 7 9 10 12 13 15 | 15.8
Shields        | |  2.6

Action                     |  1- 3 |  4- 6 |  7- 9 | 10-12 | 13-15 || total
---------------------------+-------+-------+-------+-------+-------++-------
  Melee: War axe           |    66 |    61 |   473 |   700 |   501 ||  1801
         Flail             |     4 |    47 |    76 |       |       ||   127
  Throw: Javelin           |       |       |       |       |     7 ||     7
 Invoke: Recall Ancestor   |       |       |       |     2 |       ||     2
         Ancestor Identity |       |       |       |     2 |       ||     2
         Ancestor Life: Ba |       |       |       |     1 |       ||     1
Ability: Invent Gizmo      |       |       |       |       |     1 ||     1
  Evoke: Wand              |       |       |       |    16 |     3 ||    19
         Lightning rod     |       |       |       |     4 |     7 ||    11
    Use: Scroll            |     1 |     8 |    12 |    19 |     7 ||    47
         Potion            |       |     3 |     3 |    11 |     1 ||    18
   Stab: Invisible         |       |       |     6 |     5 |     8 ||    19
         Distracted        |       |       |       |     1 |     2 ||     3
 Armour: Scale mail        |    99 |    58 |       |       |       ||   157
         Plate armour      |       |    12 |   340 |   517 |   258 ||  1127
  Dodge: Dodged            |    65 |    24 |    91 |   126 |    49 ||   355
         Form:             |       |       |       |     1 |       ||     1
         Serpent           |       |       |       |     1 |       ||     1

Table legend: (Time is in decaauts)
 A = Elapsed time spent in this place.
 B = Non-inter-level travel time spent in this place.
 C = Inter-level travel time spent in this place.
 D = Time resting spent in this place.
 E = Time spent auto-exploring this place.
 F = Levels seen in this place.
 G = Mean time per level.
                   A        B        C        D        E       F      G
               +--------+--------+--------+--------+--------+-----+--------+
         Total |  23520 |  22666 |    854 |   5561 |  13563 |  21 | 1120.0 |
       Dungeon |  15936 |  15266 |    670 |   4310 |   8645 |  13 | 1225.8 |
        Temple |      1 |      1 |      0 |      0 |      0 |   1 |    1.0 |
          Lair |   6364 |   6180 |    184 |   1231 |   4137 |   5 | 1272.8 |
         Sewer |    868 |    868 |      0 |     20 |    582 |   1 |  868.0 |
       Ossuary |    349 |    349 |      0 |      0 |    199 |   1 |  349.0 |
               +--------+--------+--------+--------+--------+-----+--------+

Top non-repeatable levels by time:
     D:9: 2461 daAuts
  Lair:2: 1890 daAuts
    D:12: 1799 daAuts
    D:10: 1796 daAuts
  Lair:1: 1781 daAuts
     D:6: 1398 daAuts
    D:11: 1350 daAuts
     D:8: 1335 daAuts
    D:13: 1229 daAuts
  Lair:3: 1183 daAuts
     D:2: 924 daAuts
   Sewer: 868 daAuts
     D:7: 856 daAuts
     D:4: 833 daAuts
  Lair:4: 801 daAuts
